Workbook

Sheet INGRESOS CUENTA COLECT
A6: Instituto Nacional del Cáncer Rosa Emilia Sánchez Pérez de Tavares
A7: Balance Inicial: Cta. 9995033000
A8: Libro Banco
A9: Del 01 Al 31 De Diciembre 2024
B12: Cuenta Bancaria No: 010-252753-9
B13: Balance Inicial: Cta. 9995033000 | G13: =+'[1]CTA. RECOLECTORA (010) y 3000'!$G$9358 -> 16465907
G14: 0
B15: Fecha | C15: No. Ck/Transf. | D15: Descripcion | E15: Debito | F15: Credito | G15: Balance
D16: 45626 | E16: ='[2]CTA. RECOLECTORA (010)'!E6 -> 0 | F16: 0 | G16: =+G13 -> 16465907
B17: 45627 | D17: NOTA DEBITO POR COBRO TARJETA CREDITO NOVIEMBRE 2024 | F17: 1208.44 | G17: =G16+E17-F17 -> 16464698
B18: 45627 | D18: DEPOSITO | E18: 435 | G18: =G17+E18-F18 -> 16465133
B19: 45627 | D19: NOTA DEBITO POR COBRO TARJETA CREDITO CARDNET | E19: 9000 | F19: 240.4 | G19: =G18+E19-F19 -> 16473893
B20: 45628 | D20: DEPOSITO | E20: 13660 | G20: =G19+E20-F20 -> 16487553
B21: 45628 | D21: DEPOSITO | E21: 1000 | G21: =G20+E21-F21 -> 16488553
B22: 45628 | D22: DEPOSITO | E22: 25115 | G22: =G21+E22-F22 -> 16513668
B23: 45628 | D23: DEPOSITO | E23: 3866 | G23: =G22+E23-F23 -> 16517534
B24: 45628 | D24: DEPOSITO | E24: 32510 | G24: =G23+E24-F24 -> 16550044
B25: 45628 | D25: DEPOSITO | E25: 12180 | G25: =G24+E25-F25 -> 16562224
B26: 45628 | D26: DEPOSITO | E26: 27890 | G26: =G25+E26-F26 -> 16590114
B27: 45628 | D27: NOTA DEBITO POR COBRO TARJETA CREDITO CARDNET | E27: 107192.53 | F27: 2784.49 | G27: =G26+E27-F27 -> 16694522
B28: 45628 | D28: DEPOSITO VIA TRANSF. ARS SENASA | E28: 1121668.2 | G28: =G27+E28-F28 -> 17816190
B29: 45628 | D29: DEPOSITO VIA TRANSF. ARS SENASA | E29: 5978.22 | G29: =G28+E29-F29 -> 17822168
B30: 45628 | D30: DEPOSITO VIA TRANSF. ARS SENASA | E30: 4917.2 | G30: =G29+E30-F30 -> 17827085
B31: 45628 | D31: DEPOSITO VIA TRANSF. ARS SENASA | E31: 2479947.4 | G31: =G30+E31-F31 -> 20307033
B32: 45628 | D32: Dp via transferencia por laFundación Funpha. , ayuda Martina Soriano Morillo Récord #: 2024/1557 para Abono Ecocardiograma Strain (factura #112820-24 por RD$1,500.00) Paciente pagó RD$1,500.00. Subsidio de Trabajo Social por RD$500.00 | E32: 1500 | G32: =G31+E32-F32 -> 20308533
B33: 45628 | D33: Dp via transferencia donacion GABY'S VARIEDADES FOUNDATION a la Sr.Isabel Mateo Récord #: 2016/2259 - Abono Biopsia Tomodirigida de Pulmón (factura #86278-24 , por el monto de RD$6,600.00 | E33: 6600 | G33: =G32+E33-F33 -> 20315133
B34: 45629 | D34: DEPOSITO | E34: 112 | G34: =G33+E34-F34 -> 20315245
B35: 45629 | D35: DEPOSITO | E35: 778 | G35: =G34+E35-F35 -> 20316023
B36: 45629 | D36: DEPOSITO | E36: 80235 | G36: =G35+E36-F36 -> 20396258
B37: 45629 | D37: DEPOSITO | E37: 34400 | G37: =G36+E37-F37 -> 20430658
B38: 45629 | D38: DEPOSITO | E38: 2900 | G38: =G37+E38-F38 -> 20433558
B39: 45629 | D39: DEPOSITO | E39: 23430 | G39: =G38+E39-F39 -> 20456988
... B42: 45629 | D42: DEPOSITO | E42: 3145 | G42: =G41+E42-F42 -> 20477792
B43: 45629 | D43: NOTA DEBITO POR COBRO TARJETA CREDITO CARDNET | E43: 78130.22 | F43: 2044.7 | G43: =G42+E43-F43 -> 20553877
B44: 45629 | D44: TRANSF. DE CUENTA 3000 A 3001 PARA PAGOS | F44: 2642079 | G44: =G43+E44-F44 -> 17911798
B45: 45630 | D45: DEPOSITO | E45: 29840 | G45: =G44+E45-F45 -> 17941638
B46: 45630 | D46: DEPOSITO | E46: 40 | G46: =G45+E46-F46 -> 17941678
B47: 45630 | D47: DEPOSITO | E47: 2270 | G47: =G46+E47-F47 -> 17943948
B48: 45630 | D48: DEPOSITO | E48: 2245 | G48: =G47+E48-F48 -> 17946193
B49: 45630 | D49: DEPOSITO | E49: 2005 | G49: =G48+E49-F49 -> 17948198
B50: 45630 | D50: DEPOSITO | E50: 10900 | G50: =G49+E50-F50 -> 17959098
B51: 45630 | D51: DEPOSITO | E51: 44720 | G51: =G50+E51-F51 -> 18003818
B52: 45630 | D52: DEPOSITO | E52: 22653 | G52: =G51+E52-F52 -> 18026471
B53: 45630 | D53: NOTA DEBITO POR COBRO TARJETA CREDITO CARDNET | E53: 43139.35 | F53: 1126.04 | G53: =G52+E53-F53 -> 18068485
B54: 45630 | D54: DEPOSITO VIA TRANSF. ARS SENASA | E54: 603031 | G54: =G53+E54-F54 -> 18671516
B55: 45630 | D55: DEPOSITO VIA TRANSF. ARS SENASA | E55: 812644.2 | G55: =G54+E55-F55 -> 19484160
B56: 45630 | D56: Dp via transferencia por laFundación Funpha. , ayuda Kenia Margarita Pineda Concepción Récord #: 2022/4797 para Abono Saldo Mamografía Bilateral (factura #86594-24 por RD$1,100.00) | E56: 1100 | G56: =G55+E56-F56 -> 19485260
B57: 45630 | D57: TRANSF. DE CUENTA 3000 A 3001 PARA PAGOS | F57: 9445592.1 | G57: =G56+E57-F57 -> 10039668
B58: 45631 | D58: DEPOSITO | E58: 650 | G58: =G57+E58-F58 -> 10040318
B59: 45631 | D59: DEPOSITO | E59: 3500 | G59: =G58+E59-F59 -> 10043818
B60: 45631 | D60: DEPOSITO | E60: 28265 | G60: =G59+E60-F60 -> 10072083
B61: 45631 | D61: DEPOSITO | E61: 62400 | G61: =G60+E61-F61 -> 10134483
B62: 45631 | D62: DEPOSITO | E62: 7155 | G62: =G61+E62-F62 -> 10141638
B63: 45631 | D63: DEPOSITO | E63: 2410 | G63: =G62+E63-F63 -> 10144048
B64: 45631 | D64: DEPOSITO | E64: 6500 | G64: =G63+E64-F64 -> 10150548
B65: 45631 | D65: DEPOSITO | E65: 25711 | G65: =G64+E65-F65 -> 10176259
B66: 45631 | D66: DEPOSITO | E66: 9517 | G66: =G65+E66-F66 -> 10185776
B67: 45631 | D67: NOTA DEBITO POR COBRO TARJETA CREDITO CARDNET | E67: 111460.28 | F67: 2935.75 | G67: =G66+E67-F67 -> 10294300
B68: 45631 | D68: TRANSF. DE CUENTA 3000 A 3001 PARA PAGOS | F68: 1755543.4 | G68: =G67+E68-F68 -> 8538756.8
B69: 45632 | D69: DEPOSITO | E69: 34800 | G69: =G68+E69-F69 -> 8573556.8
B70: 45632 | D70: DEPOSITO | E70: 45695 | G70: =G69+E70-F70 -> 8619251.8
B71: 45632 | D71: DEPOSITO | E71: 8000 | G71: =G70+E71-F71 -> 8627251.8
B72: 45632 | D72: DEPOSITO | E72: 1850 | G72: =G71+E72-F72 -> 8629101.8
B73: 45632 | D73: DEPOSITO | E73: 11400 | G73: =G72+E73-F73 -> 8640501.8
B74: 45632 | D74: DEPOSITO | E74: 10710 | G74: =G73+E74-F74 -> 8651211.8
B75: 45632 | D75: DEPOSITO | E75: 500 | G75: =G74+E75-F75 -> 8651711.8
B76: 45632 | D76: NOTA DEBITO POR COBRO TARJETA CREDITO CARDNET | E76: 79386.25 | F76: 2117.43 | G76: =G75+E76-F76 -> 8728980.6
B77: 45632 | D77: TRANSF. DE CUENTA 3000 A 3001 PARA PAGOS | F77: 1658778.7 | G77: =G76+E77-F77 -> 7070201.9
B78: 45633 | D78: DEPOSITO | E78: 20000 | G78: =G77+E78-F78 -> 7090201.9
B79: 45633 | D79: NOTA DEBITO POR COBRO TARJETA CREDITO CARDNET | E79: 20032 | F79: 540.47 | G79: =G78+E79-F79 -> 7109693.4
B80: 45634 | D80: NOTA DEBITO POR COBRO TARJETA CREDITO CARDNET | E80: 3500 | F80: 95.2 | G80: =G79+E80-F80 -> 7113098.2
B81: 45635 | D81: DEPOSITO | E81: 68590 | G81: =G80+E81-F81 -> 7181688.2
B82: 45635 | D82: DEPOSITO | E82: 33887 | G82: =G81+E82-F82 -> 7215575.2
B83: 45635 | D83: DEPOSITO | E83: 22400 | G83: =G82+E83-F83 -> 7237975.2
B84: 45635 | D84: DEPOSITO | E84: 3050 | G84: =G83+E84-F84 -> 7241025.2
B85: 45635 | D85: DEPOSITO | E85: 7745 | G85: =G84+E85-F85 -> 7248770.2
B86: 45635 | D86: DEPOSITO | E86: 17575 | G86: =G85+E86-F86 -> 7266345.2
B87: 45635 | D87: DEPOSITO | E87: 4510 | G87: =G86+E87-F87 -> 7270855.2
B88: 45635 | D88: NOTA DEBITO POR COBRO TARJETA CREDITO CARDNET | E88: 32563.37 | F88: 845.09 | G88: =G87+E88-F88 -> 7302573.5
B89: 45635 | D89: TRANSFERENCIA RECIBIDA EN LA CUENTA 3000 DEVOLUCION FONDOS POR SUBSIDIOS DE ENFERMEDAD COMUN CORRESPONDIENTE AL MES DE NOVIEMBRE 2024 RD$169,219.16 | E89: 169219.16 | G89: =G88+E89-F89 -> 7471792.7
B90: 45635 | D90: TRANSF. DE CUENTA 3000 A 3001 PARA PAGOS | F90: 185586.31 | G90: =G89+E90-F90 -> 7286206.4 | I90: 7286206.4 | K90: =+G90-I90 -> 0
B91: 45636 | D91: DEPOSITO | E91: 80416 | G91: =G90+E91-F91 -> 7366622.4
B92: 45636 | D92: DEPOSITO | E92: 491 | G92: =G91+E92-F92 -> 7367113.4
B93: 45636 | D93: DEPOSITO | E93: 31506 | G93: =G92+E93-F93 -> 7398619.4
B94: 45636 | D94: DEPOSITO | E94: 13900 | G94: =G93+E94-F94 -> 7412519.4
B95: 45636 | D95: DEPOSITO | E95: 14000 | G95: =G94+E95-F95 -> 7426519.4
B96: 45636 | D96: DEPOSITO | E96: 11420 | G96: =G95+E96-F96 -> 7437939.4
B97: 45636 | D97: DEPOSITO | E97: 3900 | G97: =G96+E97-F97 -> 7441839.4
B98: 45636 | D98: DEPOSITO | E98: 990 | G98: =G97+E98-F98 -> 7442829.4
B99: 45636 | D99: NOTA DEBITO POR COBRO TARJETA CREDITO CARDNET | E99: 53046.4 | F99: 1383.22 | G99: =G98+E99-F99 -> 7494492.5
B100: 45636 | D100: Dp via transferencia paciente Ana Altagracia Sánchez Batista Récord #: 2022/7458 Abono procedimientos no cubiertos cirugía (pendiente de factura final) por el monto RD$51,000.00 | E100: 51000 | G100: =G99+E100-F100 -> 7545492.5
B101: 45636 | D101: Dp via transferencia paciente Ana Altagracia Sánchez Batista Récord #: 2022/7458 para completivos procedimientos no cubiertos cirugía (pendiente de factura final) por el monto RD$53,000.00 | E101: 53000 | G101: =G100+E101-F101 -> 7598492.5
B102: 45636 | D102: TRANSF. DE CUENTA 3000 A 3001 PARA PAGOS | F102: 388313.69 | G102: =G101+E102-F102 -> 7210178.9
B103: 45637 | D103: DEPOSITO | E103: 20000 | G103: =G102+E103-F103 -> 7230178.9
B104: 45637 | D104: DEPOSITO | E104: 13250 | G104: =G103+E104-F104 -> 7243428.9
B105: 45637 | D105: DEPOSITO | E105: 42985 | G105: =G104+E105-F105 -> 7286413.9
B106: 45637 | D106: DEPOSITO | E106: 20740 | G106: =G105+E106-F106 -> 7307153.9
B107: 45637 | D107: DEPOSITO | E107: 13280 | G107: =G106+E107-F107 -> 7320433.9
B108: 45637 | D108: DEPOSITO | E108: 3650 | G108: =G107+E108-F108 -> 7324083.9
B109: 45637 | D109: DEPOSITO | E109: 3170 | G109: =G108+E109-F109 -> 7327253.9
...

Sheet EGRESOS CTA. AUXILIAR 3001
A5: Servicio Nacional de Salud
C6: Instituto Nacional del Cáncer Rosa Emilia Sánchez Pérez de Tavares
C7: Cuenta Colectora Auxiliar no. 99995033001
C8: Libro Banco
C9: Del 01 Al 31 De Diciembre 2024
D11: Cuenta Bancaria No: AUXILIAR NO. 999503001
D12: Balance Inicial: | I12: =+'[1]CTA. RECOLECTORA AUXILIAR 3001'!$J$5613 -> -23132848
D13: Fecha | E13: No. Ck/Transf. | F13: Descripcion | G13: Debito | H13: Credito | I13: Balance
F14: =+'INGRESOS CUENTA COLECT'!D16 -> 45626 | H14: 0 | I14: =+I12 -> -23132848
D15: 45629 | F15: TRANSF. DE CUENTA 3000 A 3001 PARA PAGOS | G15: 2642079 | I15: =I14+G15-H15 -> -20490769
D16: 45629 | E16: 5591-1 | F16: DHL DOMINICANA | H16: 81084.58 | I16: =I15+G16-H16 -> -20571854
D17: 45629 | E17: 5596-1 | F17: RETENCION 0.5% POR TRASF. VIA LIBRAMIENTOS A PROVEERDORES | H17: 34036.5 | I17: =I16+G17-H17 -> -20605890
D18: 45629 | E18: 5596-1 | F18: REFERENCIA LABORATORIO CLINICO | H18: 646693.5 | I18: =I17+G18-H18 -> -21252584
D19: 45629 | E19: 5598-1 | F19: RETENCION 0.5% POR TRASF. VIA LIBRAMIENTOS A PROVEERDORES | H19: 10000 | I19: =I18+G19-H19 -> -21262584
D20: 45629 | E20: 5598-1 | F20: ALIANZA INNOVADORA DE SERVICIOS AMBIENTALES, SRL | H20: 190000 | I20: =I19+G20-H20 -> -21452584
D21: 45630 | F21: TRANSF. DE CUENTA 3000 A 3001 PARA PAGOS | G21: 9445592.1 | I21: =I20+G21-H21 -> -12006992
D22: 45630 | E22: 5608-1 | F22: ALTICE DOMINCANA, S.A. | H22: 54909.18 | I22: =I21+G22-H22 -> -12061901
D23: 45630 | E23: 5606-1 | F23: RETENCION 0.5% POR TRASF. VIA LIBRAMIENTOS A PROVEERDORES | H23: 35293.5 | I23: =I22+G23-H23 -> -12097194
D24: 45630 | E24: 5606-1 | F24: COMPU-OFFICE DOMINICANA, SRL | H24: 797633.1 | I24: =I23+G24-H24 -> -12894828
D25: 45630 | E25: 5610-1 | F25: RETENCION 0.5% POR TRASF. VIA LIBRAMIENTOS A PROVEERDORES | H25: 7635 | I25: =I24+G25-H25 -> -12902463
D26: 45630 | E26: 5610-1 | F26: RETENCION 0.30% POR TRASF. VIA LIBRAMIENTOS A PROVEERDORES | H26: 8245.8 | I26: =I25+G26-H26 -> -12910708
D27: 45630 | E27: 5610-1 | F27: QUIMICOS ESPECIALIZADOS (QUIES) | H27: 164305.2 | I27: =I26+G27-H27 -> -13075014
D28: 45631 | F28: TRANSF. DE CUENTA 3000 A 3001 PARA PAGOS | G28: 1755543.4 | I28: =I27+G28-H28 -> -11319470
D29: 45631 | E29: 5623-1 | F29: COMPAÑÍA DOMINICANA DE TELEFONOS | H29: 1387329.1 | I29: =I28+G29-H29 -> -12706799
D30: 45631 | E30: 5634-1 | F30: RETENCION 0.5% POR TRASF. VIA LIBRAMIENTOS A PROVEERDORES | H30: 64627.5 | I30: =I29+G30-H30 -> -12771427
D31: 45631 | E31: 5634-1 | F31: GRUPO FARMACEUTICO CAR-M, S. R. L. | H31: 1414645.5 | I31: =I30+G31-H31 -> -14186072
D32: 45631 | E32: 5636-1 | F32: RETENCION 0.5% POR TRASF. VIA LIBRAMIENTOS A PROVEERDORES | H32: 93200 | I32: =I31+G32-H32 -> -14279272
D33: 45631 | E33: 5636-1 | F33: GRUPO FARMACEUTICO CAR-M, S. R. L. | H33: 1770800 | I33: =I32+G33-H33 -> -16050072
D34: 45631 | E34: 5639-1 | F34: RETENCION 0.5% POR TRASF. VIA LIBRAMIENTOS A PROVEERDORES | H34: 6660 | I34: =I33+G34-H34 -> -16056732
D35: 45631 | E35: 5639-1 | F35: GRUPO FARMACEUTICO CAR-M, S. R. L. | H35: 126540 | I35: =I34+G35-H35 -> -16183272
D36: 45631 | E36: 5641-1 | F36: RETENCION 0.5% POR TRASF. VIA LIBRAMIENTOS A PROVEERDORES | H36: 3824.72 | I36: =I35+G36-H36 -> -16187097
D37: 45631 | E37: 5641-1 | F37: GRUPO FARMACEUTICO CAR-M, S. R. L. | H37: 72669.68 | I37: =I36+G37-H37 -> -16259767
D38: 45631 | E38: 5645-1 | F38: RETENCION 0.5% POR TRASF. VIA LIBRAMIENTOS A PROVEERDORES | H38: 119328.5 | I38: =I37+G38-H38 -> -16379095
D39: 45631 | E39: 5645-1 | F39: SUIPHAR DOMINICANA, S. R. L. | H39: 2267241.5 | I39: =I38+G39-H39 -> -18646337
D40: 45632 | F40: TRANSF. DE CUENTA 3000 A 3001 PARA PAGOS | G40: 1658778.7 | I40: =I39+G40-H40 -> -16987558
D41: 45632 | E41: 5674-1 | F41: COMPAÑÍA DOMINICANA DE TELEFONOS | H41: 412545.12 | I41: =I40+G41-H41 -> -17400103
D42: 45632 | E42: 5653-1 | F42: RETENCION 0.5% POR TRASF. VIA LIBRAMIENTOS A PROVEERDORES | H42: 1479.3375 | I42: =I41+G42-H42 -> -17401582
D43: 45632 | E43: 5653-1 | F43: SUIPHAR DOMINICANA, S. R. L. | H43: 28107.412 | I43: =I42+G43-H43 -> -17429690
D44: 45632 | E44: 5655-1 | F44: RETENCION 0.5% POR TRASF. VIA LIBRAMIENTOS A PROVEERDORES | H44: 2255.75 | I44: =I43+G44-H44 -> -17431946
D45: 45632 | E45: 5655-1 | F45: BIO-NOVA, S.R.L. | H45: 50241.95 | I45: =I44+G45-H45 -> -17482187
D46: 45632 | E46: 5659-1 | F46: RETENCION 0.5% POR TRASF. VIA LIBRAMIENTOS A PROVEERDORES | H46: 2175 | I46: =I45+G46-H46 -> -17484362
D47: 45632 | E47: 5659-1 | F47: BIO-NOVA, S.R.L. | H47: 49155 | I47: =I46+G47-H47 -> -17533517
D48: 45632 | E48: 5667-1 | F48: RETENCION 0.5% POR TRASF. VIA LIBRAMIENTOS A PROVEERDORES | H48: 1422.5 | I48: =I47+G48-H48 -> -17534940
D49: 45632 | E49: 5667-1 | F49: BIO-NOVA, S.R.L. | H49: 28431.5 | I49: =I48+G49-H49 -> -17563371
D50: 45632 | E50: 5670-1 | F50: RETENCION 0.5% POR TRASF. VIA LIBRAMIENTOS A PROVEERDORES | H50: 10035 | I50: =I49+G50-H50 -> -17573406
D51: 45632 | E51: 5670-1 | F51: BIO-NOVA, S.R.L. | H51: 225225 | I51: =I50+G51-H51 -> -17798631
D52: 45635 | F52: TRANSF. DE CUENTA 3000 A 3001 PARA PAGOS | G52: 185586.31 | I52: =I51+G52-H52 -> -17613045
D53: 45635 | E53: 5691-1 | F53: RETENCION 0.5% POR TRASF. VIA LIBRAMIENTOS A PROVEERDORES | H53: 12913.674 | I53: =I52+G53-H53 -> -17625959
D54: 45635 | E54: 5691-1 | F54: RETENCION 0.30% POR TRASF. VIA LIBRAMIENTOS A PROVEERDORES | H54: 13946.769 | I54: =I53+G54-H54 -> -17639906
D55: 45635 | E55: 5691-1 | F55: DRL & ASOCIADOS, S.R.L. | H55: 277902.28 | I55: =I54+G55-H55 -> -17917808
D56: 45635 | E56: 5699-1 | F56: CORPORACION DEL ACUEDUCTO Y ALCANTARILLADO DE SANTO DOMINGO, CAASD | H56: 565056 | I56: =I55+G56-H56 -> -18482864
D57: 45635 | E57: 5702-1 | F57: CORPORACION DEL ACUEDUCTO Y ALCANTARILLADO DE SANTO DOMINGO, CAASD | H57: 642297.6 | I57: =I56+G57-H57 -> -19125161
D58: 45636 | F58: TRANSF. DE CUENTA 3000 A 3001 PARA PAGOS | G58: 388313.69 | I58: =I57+G58-H58 -> -18736848
D59: 45637 | F59: TRANSF. DE CUENTA 3000 A 3001 PARA PAGOS | G59: 244132.15 | I59: =I58+G59-H59 -> -18492716
D60: 45638 | F60: TRANSF. DE CUENTA 3000 A 3001 PARA PAGOS | G60: 254508.73 | I60: =I59+G60-H60 -> -18238207
D61: 45638 | E61: 5759-1 | F61: MAPFRE SALUD ARS, S.A. | H61: 60663.75 | I61: =I60+G61-H61 -> -18298871
D62: 45638 | E62: 5763-1 | F62: HUMANO SEGUROS, S.A. | H62: 109928 | I62: =I61+G62-H62 -> -18408799
D63: 45638 | E63: 5765-1 | F63: HUMANO SEGUROS, S.A. | H63: 286101.6 | I63: =I62+G63-H63 -> -18694900
D64: 45638 | E64: 5769-1 | F64: SEGURO NACIONAL DE SALUD (SENASA) | H64: 247555.63 | I64: =I63+G64-H64 -> -18942456
D65: 45639 | E65: 5810-1 | F65: RETENCION 0.5% POR TRASF. VIA LIBRAMIENTOS A PROVEERDORES | H65: 10370 | I65: =I64+G65-H65 -> -18952826
D66: 45639 | E66: 5810-1 | F66: NEW MED SUMINISTROS MEDICOS, S.R.L. | H66: 234362 | I66: =I65+G66-H66 -> -19187188
D67: 45639 | E67: 5812-1 | F67: RETENCION 0.5% POR TRASF. VIA LIBRAMIENTOS A PROVEERDORES | H67: 48475.5 | I67: =I66+G67-H67 -> -19235663
D68: 45639 | E68: 5812-1 | F68: INVERSIONES ND & ASOCIADOS, S.R.L. | H68: 970138.5 | I68: =I67+G68-H68 -> -20205802
D69: 45639 | E69: 5816-1 | F69: RETENCION 0.5% POR TRASF. VIA LIBRAMIENTOS A PROVEERDORES | H69: 19794.4 | I69: =I68+G69-H69 -> -20225596
D70: 45639 | E70: 5816-1 | F70: INVERSIONES ND & ASOCIADOS, S.R.L. | H70: 395488.24 | I70: =I69+G70-H70 -> -20621085
D71: 45639 | E71: 5816-1 | F71: RETENCION 0.5% POR TRASF. VIA LIBRAMIENTOS A PROVEERDORES | H71: 9500 | I71: =I70+G71-H71 -> -20630585
D72: 45639 | E72: 5816-1 | F72: INVERSIONES ND & ASOCIADOS, S.R.L. | H72: 214700 | I72: =I71+G72-H72 -> -20845285
... D78: 45639 | E78: 5824-1 | F78: INVERSIONES ND & ASOCIADOS, S.R.L. | H78: 19577.25 | I78: =I77+G78-H78 -> -20908263
D79: 45639 | F79: TRANSF. DE CUENTA 3000 A 3001 PARA PAGOS | G79: 511121.49 | I79: =I78+G79-H79 -> -20397142
D80: 45640 | F80: TRANSF. DE CUENTA 3000 A 3001 PARA PAGOS | G80: 1518714.9 | I80: =I79+G80-H80 -> -18878427
D81: 45644 | F81: TRANSF. DE CUENTA 3000 A 3001 PARA PAGOS | G81: 7326866.5 | I81: =I80+G81-H81 -> -11551560
D82: 45645 | F82: TRANSF. DE CUENTA 3000 A 3001 PARA PAGOS | G82: 811073.57 | I82: =I81+G82-H82 -> -10740487
D83: 45646 | F83: TRANSF. DE CUENTA 3000 A 3001 PARA PAGOS | G83: 1512116.3 | I83: =I82+G83-H83 -> -9228370.6
D84: 45646 | E84: 6039-1 | F84: AGUA PLANETA AZUL, S.A. | H84: 110580 | I84: =I83+G84-H84 -> -9338950.6
D85: 45647 | F85: TRANSF. DE CUENTA 3000 A 3001 PARA PAGOS | G85: 704248.98 | I85: =I84+G85-H85 -> -8634701.6
D86: 45647 | E86: 6048-1 | F86: RETENCION 0.5% POR TRASF. VIA LIBRAMIENTOS A PROVEERDORES | H86: 3910 | I86: =I85+G86-H86 -> -8638611.6
D87: 45647 | E87: 6048-1 | F87: OFFITEK, S.R.L. | H87: 88366 | I87: =I86+G87-H87 -> -8726977.6
D88: 45647 | E88: 6050-1 | F88: RETENCION 0.5% POR TRASF. VIA LIBRAMIENTOS A PROVEERDORES | H88: 4346.196 | I88: =I87+G88-H88 -> -8731323.8
D89: 45647 | E89: 6050-1 | F89: OMX MULTISERVICIOS, S.R.L. | H89: 86668.034 | I89: =I88+G89-H89 -> -8817991.8
D90: 45647 | E90: 6052-1 | F90: RETENCION 0.5% POR TRASF. VIA LIBRAMIENTOS A PROVEERDORES | H90: 58000 | I90: =I89+G90-H90 -> -8875991.8
D91: 45647 | E91: 6052-1 | F91: LUIS E BETANCES R & CO, S.A.S | H91: 1102000 | I91: =I90+G91-H91 -> -9977991.8
D92: 45647 | E92: 6054-1 | F92: RETENCION 0.5% POR TRASF. VIA LIBRAMIENTOS A PROVEERDORES | H92: 53078.95 | I92: =I91+G92-H92 -> -10031071
D93: 45647 | E93: 6054-1 | F93: LUIS E BETANCES R & CO, S.A.S | H93: 1008500.1 | I93: =I92+G93-H93 -> -11039571
D94: 45647 | E94: 6058-1 | F94: RETENCION 0.5% POR TRASF. VIA LIBRAMIENTOS A PROVEERDORES | H94: 102596.95 | I94: =I93+G94-H94 -> -11142168
D95: 45647 | E95: 6058-1 | F95: RETENCION 0.30% POR TRASF. VIA LIBRAMIENTOS A PROVEERDORES | H95: 94997.178 | I95: =I94+G95-H95 -> -11237165
D96: 45647 | E96: 6058-1 | F96: CEPEDA ENCARNACION SERVICIOS DE INGENIERIA, S.R.L. | H96: 2044339.3 | I96: =I95+G96-H96 -> -13281504
D97: 45647 | E97: 6062-1 | F97: RETENCION 0.5% POR TRASF. VIA LIBRAMIENTOS A PROVEERDORES | H97: 16417 | I97: =I96+G97-H97 -> -13297921
... D150: 45652 | E150: 6140-1 | F150: DISS DOMINICANA, S.R.L. | H150: 1801069.2 | I150: =I149+G150-H150 -> -37738060
D151: 45653 | F151: TRANSF. DE CUENTA 3000 A 3001 PARA PAGOS | G151: 30987945 | I151: =I150+G151-H151 -> -6750115
D152: 45656 | F152: TRANSF. DE CUENTA 3000 A 3001 PARA PAGOS | G152: 455325.36 | I152: =I151+G152-H152 -> -6294789.7
D153: 45656 | E153: 0 | F153: RETENCION 0.5% POR TRASF. VIA LIBRAMIENTOS A PROVEERDORES | G153: 78344.02 | I153: =I152+G153-H153 -> -6216445.6
I154: =I153+G154-H154 -> -6216445.6
C155: Totales | G155: =SUM(G15:G154) -> 60480290 | H155: =SUM(H15:H154) -> 43563888 | I155: =+I14+G155-H155 -> -6216445.6 | J155: =+I155-'[1]CTA. RECOLECTORA AUXILIAR 3001'!$J$5752 -> 0
D159: ____________________
D160: Preparado Por: | F160: ______________________________ | H160: _________________________
D161: Lcda. Julia Villar | F161: Revisado Por: | H161: Aprobabdo Por:
D162: Analista Financiera | F162: Lic. Jose Ml. Padilla Lopez Encargado Dpto. Contabilidad | H162: Lcda. Sandra Ciprian Encargada Dpto. Finanzas

Sheet EGRESOS CTA.  OPERT. 160
A5: Servicio Nacional de Salud
C6: Instituto Nacional del Cáncer Rosa Emilia Sánchez Pérez de Tavares
C7: Cuenta Operativa No. 160-112796-8
C8: Libro Banco
C9: Del 01 Al 31 De Diciembre 2024
D10: Cuenta Bancaria No: 160-112796-8
D11: Balance Inicial: | I11: =+'[1]CTA. OPERATIVA.(160)'!$J$1294 -> 81995.753
D12: Fecha | E12: No. Ck/Transf. | F12: Descripcion | G12: Debito | H12: Credito | I12: Balance
F13: =+'INGRESOS CUENTA COLECT'!D16 -> 45626 | H13: 0 | I13: =+I11 -> 81995.753
D14: 45628 | E14: 0058-2024 | F14: DIRECCION GENERAL DE IMPUESTOS INTERNOS | H14: 18860.65 | I14: =I13+G14-H14 -> 63135.103
D15: 45631 | F15: PAGO IMPUESTO 0.15% | H15: 55.72 | I15: =I14+G15-H15 -> 63079.383
D16: 45636 | E16: 0058-2024 | F16: COMISION POR PAGO AL INSTANTE COLECTOR IMPUESTOS INTERNOS 0058-2024 | H16: 80 | I16: =I15+G16-H16 -> 62999.383
D17: 45631 | F17: PAGO IMPUESTO 0.15% | H17: 10.96 | I17: =I16+G17-H17 -> 62988.423
D18: 45645 | E18: 0059-2024 | F18: DIRECCION GENERAL DE IMPUESTOS INTERNOS | H18: 10437.35 | I18: =I17+G18-H18 -> 52551.073
D19: 45649 | F19: PAGO IMPUESTO 0.15% | H19: 10.96 | I19: =I18+G19-H19 -> 52540.113
D20: 45656 | E20: 0059-2024 | F20: COMISION POR PAGO AL INSTANTE COLECTOR IMPUESTOS INTERNOS 0059-2024 | H20: 80 | I20: =I19+G20-H20 -> 52460.113
D21: 45657 | F21: CARGOS POR SERVICIOS (RETENCION DE ESTADO) | H21: 175 | I21: =I20+G21-H21 -> 52285.113
I22: =I21+G22-H22 -> 52285.113
I23: =I22+G23-H23 -> 52285.113
I24: =I23+G24-H24 -> 52285.113
I25: =I24+G25-H25 -> 52285.113
I26: =I25+G26-H26 -> 52285.113
I27: =I26+G27-H27 -> 52285.113
I28: =I27+G28-H28 -> 52285.113
I29: =I28+G29-H29 -> 52285.113
I30: =I29+G30-H30 -> 52285.113
I31: =I30+G31-H31 -> 52285.113
I32: =I31+G32-H32 -> 52285.113
I33: =I32+G33-H33 -> 52285.113
... I65: =I64+G65-H65 -> 52285.113
C66: Totales | G66: =SUM(G14:G65) -> 0 | H66: =SUM(H14:H65) -> 29710.64 | I66: =+I13+G66-H66 -> 52285.113 | J66: =+I66-'[1]CTA. OPERATIVA.(160)'!$J$1302 -> 0
D71: ____________________ | H71: _________________________
D72: Preparado Por: | F72: ______________________________ | H72: Aprobabdo Por:
D73: Lcda. Julia Villar Pimentel | F73: Revisado Por: | H73: Lcda. Sandra Ciprian
D74: Analista Financiera | F74: Lic. Jose Ml. Padilla Lopez Encargado Dpto. Contabilidad | H74: Encargada Dpto. Finanzas

Sheet EGRESOS CTA. NOMINA
A6: Servicio Nacional de Salud
D7: Instituto Nacional del Cáncer Rosa Emilia Sánchez Pérez de Tavares
D8: Cuenta Bancaria No: 0100202000
D9: Libro Banco
D10: Del 01 Al 31 De Diciembre 2024
E11: Cuenta Bancaria No: 0100202000
E12: Balance Inicial: | J12: =+'[1]CTA. NOMINA 2000'!$G$1329 -> 33957201
E13: Fecha | F13: No. Ck/Transf. | G13: Descripcion | H13: Debito | I13: Credito | J13: Balance
G14: =+'INGRESOS CUENTA COLECT'!D16 -> 45626 | I14: 0 | J14: =+J12 -> 33957201
E15: 45629 | G15: ASIGANCION CUOTA DE PAGO DESDE CTA 2000 A 2001 | H15: 826421.73 | J15: =J14+H15-I15 -> 34783622
E16: 45629 | G16: ASIGANCION CUOTA DE PAGO DESDE CTA 2000 A 2001 | I16: 826421.73 | J16: =J15+H16-I16 -> 33957201
E17: 45631 | G17: ASIGANCION CUOTA DE PAGO DESDE CTA 2000 A 2001 | H17: 179872 | J17: =J16+H17-I17 -> 34137073
E18: 45631 | G18: ASIGANCION CUOTA DE PAGO DESDE CTA 2000 A 2001 | I18: 179872 | J18: =J17+H18-I18 -> 33957201
E19: 45635 | G19: ASIGANCION CUOTA DE PAGO DESDE CTA 2000 A 2001 | H19: 483431.43 | J19: =J18+H19-I19 -> 34440632
E20: 45635 | G20: ASIGANCION CUOTA DE PAGO DESDE CTA 2000 A 2001 | I20: 483431.43 | J20: =J19+H20-I20 -> 33957201
E21: 45635 | F21: 5709-1 | G21: RETENCION 0.5% POR TRASF. VIA LIBRAMIENTOS A PROVEERDORES | I21: 12000 | J21: =J20+H21-I21 -> 33945201
E22: 45635 | F22: 5709-1 | G22: SEVEN PHARMA D.R, S.R.L. | I22: 228000 | J22: =J21+H22-I22 -> 33717201
E23: 45636 | G23: ASIGNACION PRESUPUESTARIA PARA PAGO MEDICAMENTOS | H23: 1010358.8 | J23: =J22+H23-I23 -> 34727559
E24: 45636 | G24: ASIGNACION PRESUPUESTARIA PARA PAGO NOMINAS | H24: 57246390 | J24: =J23+H24-I24 -> 91973950
E25: 45637 | G25: ASIGANCION CUOTA DE PAGO DESDE CTA 2000 A 2001 | H25: 826421.73 | J25: =J24+H25-I25 -> 92800372
E26: 45637 | G26: ASIGANCION CUOTA DE PAGO DESDE CTA 2000 A 2001 | I26: 826421.73 | J26: =J25+H26-I26 -> 91973950
E27: 45638 | G27: ASIGANCION CUOTA DE PAGO DESDE CTA 2000 A 2001 | H27: 179872 | J27: =J26+H27-I27 -> 92153822
E28: 45638 | G28: ASIGANCION CUOTA DE PAGO DESDE CTA 2000 A 2001 | I28: 179872 | J28: =J27+H28-I28 -> 91973950
E29: 45638 | F29: 5755-1 | G29: RETENCION 0.5% POR TRASF. VIA LIBRAMIENTOS A PROVEERDORES | I29: 2430 | J29: =J28+H29-I29 -> 91971520
E30: 45638 | F30: 5755-1 | G30: EPX DOMINICANA, S.R.L. | I30: 54918 | J30: =J29+H30-I30 -> 91916602
E31: 45638 | F31: 5774-1 | G31: RETENCION 0.5% POR TRASF. VIA LIBRAMIENTOS A PROVEERDORES | I31: 4503 | J31: =J30+H31-I31 -> 91912099
E32: 45638 | F32: 5774-1 | G32: HOSPIFAR, S. R. L. | I32: 101767.8 | J32: =J31+H32-I32 -> 91810331
E33: 45638 | F33: 5781-1 | G33: RETENCION 0.5% POR TRASF. VIA LIBRAMIENTOS A PROVEERDORES | I33: 5950 | J33: =J32+H33-I33 -> 91804381
E34: 45638 | F34: 5781-1 | G34: CRISTALIA DOMINICANA SRL | I34: 113050 | J34: =J33+H34-I34 -> 91691331
E35: 45638 | F35: 5783-1 | G35: RETENCION 0.5% POR TRASF. VIA LIBRAMIENTOS A PROVEERDORES | I35: 2975 | J35: =J34+H35-I35 -> 91688356
E36: 45638 | F36: 5783-1 | G36: CRISTALIA DOMINICANA SRL | I36: 56525 | J36: =J35+H36-I36 -> 91631831
E37: 45639 | F37: 5828-1 | G37: RETENCION 0.5% POR TRASF. VIA LIBRAMIENTOS A PROVEERDORES | I37: 24390.59 | J37: =J36+H37-I37 -> 91607440
E38: 45639 | F38: 5828-1 | G38: SILVER PHARMA, S.R.L. | I38: 463421.21 | J38: =J37+H38-I38 -> 91144019
E39: 45639 | F39: 5830-1 | G39: RETENCION 0.5% POR TRASF. VIA LIBRAMIENTOS A PROVEERDORES | I39: 9652 | J39: =J38+H39-I39 -> 91134367
E40: 45639 | F40: 5830-1 | G40: SILVER PHARMA, S.R.L. | I40: 183388 | J40: =J39+H40-I40 -> 90950979
... E64: 45642 | F64: 5898-1 | G64: BIO-NUCLEAR, S. A. | I64: 1694835.7 | J64: =J63+H64-I64 -> 62261914
E65: 45643 | G65: ASIGANCION CUOTA DE PAGO DESDE CTA 2000 A 2001 | H65: 36882393 | J65: =J64+H65-I65 -> 99144307
E66: 45643 | G66: ASIGANCION CUOTA DE PAGO DESDE CTA 2000 A 2001 | I66: 36882393 | J66: =J65+H66-I66 -> 62261914
E67: 45643 | F67: 5943-1 | G67: RETENCION 0.5% POR TRASF. VIA LIBRAMIENTOS A PROVEERDORES | I67: 28750 | J67: =J66+H67-I67 -> 62233164
E68: 45643 | F68: 5943-1 | G68: RETENCION 0.30% POR TRASF. VIA LIBRAMIENTOS A PROVEERDORES | I68: 31050 | J68: =J67+H68-I68 -> 62202114
E69: 45643 | F69: 5943-1 | G69: INTESOL CORPORATION, S.R.L. | I69: 618700 | J69: =J68+H69-I69 -> 61583414
E70: 45643 | F70: 5945-1 | G70: RETENCION 0.5% POR TRASF. VIA LIBRAMIENTOS A PROVEERDORES | I70: 23700 | J70: =J69+H70-I70 -> 61559714
E71: 45643 | F71: 5945-1 | G71: RETENCION 0.30% POR TRASF. VIA LIBRAMIENTOS A PROVEERDORES | I71: 25596 | J71: =J70+H71-I71 -> 61534118
E72: 45643 | F72: 5945-1 | G72: INTESOL CORPORATION, S.R.L. | I72: 510024 | J72: =J71+H72-I72 -> 61024094
E73: 45643 | F73: 5947-1 | G73: RETENCION 0.5% POR TRASF. VIA LIBRAMIENTOS A PROVEERDORES | I73: 29761.25 | J73: =J72+H73-I73 -> 60994332
E74: 45643 | F74: 5947-1 | G74: RETENCION 0.30% POR TRASF. VIA LIBRAMIENTOS A PROVEERDORES | I74: 32142.15 | J74: =J73+H74-I74 -> 60962190
E75: 45643 | F75: 5947-1 | G75: INTESOL CORPORATION, S.R.L. | I75: 640462.1 | J75: =J74+H75-I75 -> 60321728
E76: 45643 | F76: 5955-1 | G76: RETENCION 0.5% POR TRASF. VIA LIBRAMIENTOS A PROVEERDORES | I76: 7689 | J76: =J75+H76-I76 -> 60314039
E77: 45643 | F77: 5955-1 | G77: ALMANZAR ESTEVEZ, S.R.L. | I77: 146091 | J77: =J76+H77-I77 -> 60167948
E78: 45643 | F78: 5959-1 | G78: RETENCION 0.5% POR TRASF. VIA LIBRAMIENTOS A PROVEERDORES | I78: 3234.772 | J78: =J77+H78-I78 -> 60164713
... E81: 45643 | F81: 5920-1 | G81: LE3 S.R.L | I81: 568288.57 | J81: =J80+H81-I81 -> 59509819
E82: 45643 | G82: ASIGANCION CUOTA DE PAGO DESDE CTA 2000 A 2001 | H82: 13594594 | J82: =J81+H82-I82 -> 73104412
E83: 45643 | G83: ASIGANCION CUOTA DE PAGO DESDE CTA 2000 A 2001 | I83: 13594594 | J83: =J82+H83-I83 -> 59509819
E84: 45644 | F84: 5976-1 | G84: RETENCION 0.5% POR TRASF. VIA LIBRAMIENTOS A PROVEERDORES | I84: 8439.6635 | J84: =J83+H84-I84 -> 59501379
E85: 45644 | F85: 5976-1 | G85: RETENCION 0.30% POR TRASF. VIA LIBRAMIENTOS A PROVEERDORES | I85: 9114.834 | J85: =J84+H85-I85 -> 59492264
E86: 45644 | F86: 5976-1 | G86: PHOENIX CALIBRATION D.R., S.R.L. | I86: 181621.55 | J86: =J85+H86-I86 -> 59310643
E87: 45644 | F87: 5979-1 | G87: RETENCION 0.5% POR TRASF. VIA LIBRAMIENTOS A PROVEERDORES | I87: 842.4035 | J87: =J86+H87-I87 -> 59309800
E88: 45644 | F88: 5979-1 | G88: RETENCION 0.30% POR TRASF. VIA LIBRAMIENTOS A PROVEERDORES | I88: 909.795 | J88: =J87+H88-I88 -> 59308890
E89: 45644 | F89: 5979-1 | G89: PHOENIX CALIBRATION D.R., S.R.L. | I89: 18128.522 | J89: =J88+H89-I89 -> 59290762
E90: 45644 | F90: 5995-1 | G90: RETENCION 0.5% POR TRASF. VIA LIBRAMIENTOS A PROVEERDORES | I90: 6175.978 | J90: =J89+H90-I90 -> 59284586
E91: 45644 | F91: 5995-1 | G91: CIENCIA TECNOLOGIA Y CONSULTAS, S.R.L. (CIENTEC) | I91: 137647.58 | J91: =J90+H91-I91 -> 59146938
E92: 45644 | F92: 5991-1 | G92: RETENCION 0.10% POR TRASF. VIA LIBRAMIENTOS A PROVEERDORES | I92: 142863.97 | J92: =J91+H92-I92 -> 59004074
E93: 45644 | F93: 5991-1 | G93: LUG HEALTHCARE TECHNOLOGY S.L. | I93: 1285775.1 | J93: =J92+H93-I93 -> 57718299
E94: 45644 | F94: 5993-1 | G94: RETENCION 0.10% POR TRASF. VIA LIBRAMIENTOS A PROVEERDORES | I94: 156313.34 | J94: =J93+H94-I94 -> 57561986
E95: 45644 | F95: 5993-1 | G95: LUG HEALTHCARE TECHNOLOGY S.L. | I95: 1406820 | J95: =J94+H95-I95 -> 56155166
... E124: 45645 | F124: 5903-1 | G124: NOMINA PERSONAL CARÁCTER FIJO DICIEMBRE 2024 FONDO GENERAL | I124: 12069002 | J124: =J123+H124-I124 -> 4027146.7
E125: 45646 | G125: ASIGANCION CUOTA DE PAGO DESDE CTA 2000 A 2001 | H125: 203826.98 | J125: =J124+H125-I125 -> 4230973.6
E126: 45646 | G126: ASIGANCION CUOTA DE PAGO DESDE CTA 2000 A 2001 | I126: 203826.98 | J126: =J125+H126-I126 -> 4027146.7
E127: 45646 | G127: ASIGANCION CUOTA DE PAGO DESDE CTA 2000 A 2001 | H127: 36173.02 | J127: =J126+H127-I127 -> 4063319.7
E128: 45646 | G128: ASIGANCION CUOTA DE PAGO DESDE CTA 2000 A 2001 | I128: 36173.02 | J128: =J127+H128-I128 -> 4027146.7
E129: 45646 | F129: 6025-1 | G129: RETENCION 0.5% POR TRASF. VIA LIBRAMIENTOS A PROVEERDORES | I129: 450.01 | J129: =J128+H129-I129 -> 4026696.7
E130: 45646 | F130: 6025-1 | G130: EPX DOMINICANA, S.R.L. | I130: 10170 | J130: =J129+H130-I130 -> 4016526.7
E131: 45646 | F131: 6027 | G131: RETENCION 0.5% POR TRASF. VIA LIBRAMIENTOS A PROVEERDORES | I131: 225 | J131: =J130+H131-I131 -> 4016301.7
E132: 45646 | F132: 6027 | G132: CLINIMED, S.R.L. | I132: 5085 | J132: =J131+H132-I132 -> 4011216.7
E133: 45646 | F133: 6029-1 | G133: RETENCION 0.5% POR TRASF. VIA LIBRAMIENTOS A PROVEERDORES | I133: 2324 | J133: =J132+H133-I133 -> 4008892.7
E134: 45646 | F134: 6029-1 | G134: SUPLIDORES MEDICOS COMERCIALES, SRL (SUMEDCOR) | I134: 52522.4 | J134: =J133+H134-I134 -> 3956370.3
E135: 45646 | F135: 6032-1 | G135: RETENCION 0.5% POR TRASF. VIA LIBRAMIENTOS A PROVEERDORES | I135: 3644.815 | J135: =J134+H135-I135 -> 3952725.4
E136: 45646 | F136: 6032-1 | G136: ULTRALAB, S. R. L. | I136: 69251.485 | J136: =J135+H136-I136 -> 3883474
E137: 45649 | G137: ASIGANCION CUOTA DE PAGO DESDE CTA 2000 A 2001 | H137: 203826.98 | J137: =J136+H137-I137 -> 4087300.9
E138: 45649 | G138: ASIGANCION CUOTA DE PAGO DESDE CTA 2000 A 2001 | I138: 203826.98 | J138: =J137+H138-I138 -> 3883474
E139: 45650 | G139: ASIGANCION CUOTA DE PAGO DESDE CTA 2000 A 2001 | H139: 138291.82 | J139: =J138+H139-I139 -> 4021765.8
E140: 45650 | G140: ASIGANCION CUOTA DE PAGO DESDE CTA 2000 A 2001 | I140: 138291.82 | J140: =J139+H140-I140 -> 3883474
E141: 45652 | G141: ASIGANCION CUOTA DE PAGO DESDE CTA 2000 A 2001 | H141: 32993669 | J141: =J140+H141-I141 -> 36877143
E142: 45652 | G142: ASIGANCION CUOTA DE PAGO DESDE CTA 2000 A 2001 | I142: 32993669 | J142: =J141+H142-I142 -> 3883474
E143: 45653 | F143: 6014-1 | G143: NOMINA REGALIA PASCUAL A BENEFICIARIO DE EX COLABORADOR FALLECIDO DICIEMBRE 2024 FONDO GENERAL | I143: 44699.96 | J143: =J142+H143-I143 -> 3838774
E144: 45653 | F144: 6016-1 | G144: NOMINA VACACIONES NO DISFRUTADA A BENEFICIARIO DE EX COLABORADOR FALLECIDO NOVIEMBRE 2024 FONDO GENERAL | I144: 159127.02 | J144: =J143+H144-I144 -> 3679647
E145: 45657 | G145: AJUSTE POR DIFERENCIA CAMBIARIA LUG HEALTHCARE TECHNOLOGY S.L 5991-1 5993-1 | H145: 11135.53 | J145: =J144+H145-I145 -> 3690782.5
J146: =J145+H146-I146 -> 3690782.5
J147: =J146+H147-I147 -> 3690782.5
J148: =J147+H148-I148 -> 3690782.5
J149: =J148+H149-I149 -> 3690782.5
J150: =J149+H150-I150 -> 3690782.5
J151: =J150+H151-I151 -> 3690782.5
J152: =J151+H152-I152 -> 3690782.5
J153: =J152+H153-I153 -> 3690782.5
J154: =J153+H154-I154 -> 3690782.5
D155: Totales | H155: =SUM(H15:H154) -> 1.4481668e+08 | I155: =SUM(I15:I154) -> 1.750831e+08 | J155: =+J14+H155-I155 -> 3690782.5 | K155: =+J155-'[1]CTA. NOMINA 2000'!$G$1460 -> -4.3772161e-08
E161: ____________________ | G161: ______________________________ | I161: _________________________
E162: Preparado Por: | G162: Revisado Por: | I162: Aprobabdo Por:
E163: Lcda. Julia Villar Pimentel | G163: Lic. Jose Ml. Padilla Lopez Encargado Dpto. Contabilidad | I163: Lcda. Sandra Ciprian
...

Sheet EGRESOS CTA. FONDOCYT
A6: Servicio Nacional de Salud
D8: Instituto Nacional del Cáncer Rosa Emilia Sánchez Pérez de Tavares
D9: Cuenta Bancaria No: 9602576155
D10: Libro Banco
D11: Del 01 Al 31 De Diciembre 2024
E14: Cuenta Bancaria No: 9602576155
E15: - | J15: =+'[1]CTA. FONDOCYT 960'!$J$88 -> 1759930.8
E16: Fecha | F16: No. Ck/Transf. | G16: Descripcion | H16: Debito | I16: Credito | J16: Balance
G17: =+'INGRESOS CUENTA COLECT'!D16 -> 45626 | I17: 0 | J17: =+J15 -> 1759930.8
E18: 45657 | G18: CARGOS POR SERVICIOS (RETENCION DE ESTADO) | I18: 175 | J18: =J14+H18-I18 -> -175
J19: =J18+H19-I19 -> -175
D20: Totales | H20: =SUM(H18:H19) -> 0 | I20: =SUM(I18:I19) -> 175 | J20: =+J15+H20-I20 -> 1759755.8 | K20: =+J20-'[1]CTA. FONDOCYT 960'!$J$89 -> 0
E23: ____________________ | G23: ______________________________ | I23: _________________________
E24: Preparado Por: | G24: Revisado Por: | I24: Aprobabdo Por:
E25: Lcda. Julia Villar Pimentel | G25: Lic. Jose Ml. Padilla Lopez Encargado Dpto. Contabilidad | I25: Lcda. Sandra Ciprian
E26: Analista Financiera | I26: Encargada Dpto. Finanzas

Sheet  CTA. ONCOPEDIATRIA
A6: Servicio Nacional de Salud
D7: Instituto Nacional del Cáncer Rosa Emilia Sánchez Pérez de Tavares
D8: CENTRO ONCOPEDIATRIA Cuenta Bancaria NO. 04002002000
D9: Libro Banco
D10: Del 01 Al 31 De Diciembre 2024
E11: Cuenta Bancaria No: 0100202000
E12: Balance Inicial: | J12: =+'[1]CTA. 2000 ONCO'!$G$10 -> 480606.4
E13: Fecha | F13: No. Ck/Transf. | G13: Descripcion | H13: Debito | I13: Credito | J13: Balance
G14: =+'INGRESOS CUENTA COLECT'!D16 -> 45626 | I14: 0 | J14: =+J12 -> 480606.4
E15: 45645 | G15: Deposito Via cheque # 002747 Coliseo Gallistico De Santo Domingo, Inc. (Alberto Bonetti Burgos) Donacion para la unidad Oncopediatrica del Incart por el monto de RD$500,000.00 | H15: 500000 | J15: =J14+H15-I15 -> 980606.4
J16: =J15+H16-I16 -> 980606.4
J17: =J16+H17-I17 -> 980606.4
J18: =J17+H18-I18 -> 980606.4
J19: =J18+H19-I19 -> 980606.4
J20: =J19+H20-I20 -> 980606.4
J21: =J20+H21-I21 -> 980606.4
J22: =J21+H22-I22 -> 980606.4
J23: =J22+H23-I23 -> 980606.4
J24: =J23+H24-I24 -> 980606.4
J25: =J24+H25-I25 -> 980606.4
J26: =J25+H26-I26 -> 980606.4
J27: =J26+H27-I27 -> 980606.4
... J62: =J61+H62-I62 -> 980606.4
D63: Totales | H63: =SUM(H15:H62) -> 500000 | I63: =SUM(I15:I62) -> 0 | J63: =+J14+H63-I63 -> 980606.4 | K63: =+J63-'[1]CTA. 2000 ONCO'!$G$11 -> 0
E69: ____________________ | G69: ______________________________ | I69: _________________________
E70: Preparado Por: | G70: Revisado Por: | I70: Aprobabdo Por:
E71: Lcda. Julia Villar Pimentel | G71: Lic. Jose Ml. Padilla Lopez Encargado Dpto. Contabilidad | I71: Lcda. Sandra Ciprian
E72: Analista Financiera | I72: Encargada Dpto. Finanzas
